 Dungeon Crawl Stone Soup version 0.24-a0-458-gfcb5e6da0e (webtiles) character file.

Game seed: 4220116572126129246

146 Mrkan the Chopper (level 5, -14/47 HPs)
             Began as a Hill Orc Fighter on June 27, 2019.
             Demolished by an ogre
             ... wielding a +0 giant club
              (16 damage)
             ... on level 3 of the Dungeon.
             The game lasted 00:03:53 (1954 turns).

Mrkan the Chopper (Hill Orc Fighter)                Turns: 1954, Time: 00:03:53

Health: -14/47     AC:  6    Str: 25    XL:     5   Next: 28%
Magic:  5/5        EV:  7    Int:  8    God:
Gold:   47         SH: 10    Dex: 10    Spells: 4/4 levels left

rFire    . . .     SeeInvis .   a - +0 war axe
rCold    . . .     Gourm    .   c - +0 shield
rNeg     . . .     Faith    .   b - +0 scale mail
rPois    .         Spirit   .   (no helmet)
rElec    .         Reflect  .   (no cloak)
rCorr    .         Harm     .   (no gloves)
MR       .....                  (no boots)
Stlth    ..........             (no amulet)
HPRegen  0.15/turn              (no ring)
MPRegen  0.09/turn              (no ring)

@: mighty
A: no striking features
a: no special abilities


You were on level 3 of the Dungeon.
You were not hungry.

You visited 1 branch of the dungeon, and saw 3 of its levels.

You collected 47 gold pieces.

Inventory:

Hand Weapons
 a - a +0 war axe (weapon)
Missiles
 h - 90 stones (quivered)
 n - 54 sling bullets
 o - 45 bolts
Armour
 b - a +0 scale mail (worn)
 c - a +0 shield (worn)
Jewellery
 e - an uncursed amulet of harm {unknown}
 t - an uncursed ring of poison resistance {unknown}
 u - an uncursed ring of protection from cold {unknown}
Wands
 w - a wand of flame (5)
 x - a wand of digging (8)
Scrolls
 i - 3 scrolls of identify {unknown}
 j - a scroll of teleportation {unknown}
 k - 2 scrolls of enchant armour {unknown}
 m - a scroll of immolation {unknown}
 p - a scroll of magic mapping {unknown}
 q - a scroll of fog {unknown}
 r - a scroll of amnesia {unknown}
 s - a scroll of blinking {unknown}
 v - a scroll of remove curse {unknown}
Potions
 g - 2 potions of heal wounds {unknown}
 l - a potion of curing {unknown}
 z - 2 potions of lignification {unknown}
 A - a potion of brilliance {unknown}
Comestibles
 f - 6 rations


   Skills:
 + Level 4.7 Fighting
 * Level 5.3 Axes
 - Level 3.2 Armour
 + Level 4.2 Shields


You had 4 spell levels left.
You didn't know any spells.
Your spell library was empty.

Dungeon Overview and Level Annotations

Branches:
Dungeon (3/15)

Altars:
Hepliaklqana
Kikubaaqudgha
Vehumet

Annotations:
D:3 Grinder


Message History

You shrug off the repeated paralysis!
You feel sick.
Grinder blinks!
You can move again.
You feel very mighty all of a sudden.
The phantom blinks!
Grinder hits you.
* * * LOW HITPOINT WARNING * * *
You writhe in agony.
* * * LOW HITPOINT WARNING * * *
Found a stone staircase leading up and a stone staircase leading down.
You block Grinder's attack.
You hit Grinder.
Grinder is lightly wounded.
You barely miss the ogre.
You feel sick.
You are no longer poisoned.
Grinder gestures at you.
You barely resist. The ogre barely misses you. Grinder gestures at you.
You barely resist. The ogre hits you with a +0 giant club!
You die...

..................##.
..##....#......).... ..#
..#.......)###...........
.......###... ..#####....
.......# ######.# .....
.[.....# #.# #.....
.......########. #......
..........!.....##......#
.......####..<..@........
..†.........####5O!......
.......#.######.o#..>....
######...%.#.............
# #...###†.W.########..>
.....####...### #.
####......#.(#
.....(###..# ..#.... #..#


You could see Grinder, an ogre and an orc.

Vanquished Creatures
  A worker ant (D:3)
  3 gnolls (D:2)
  4 adders
  A worm (D:2)
  4 dart slugs
  2 leopard geckos (D:3)
  An orc (D:3)
  2 giant cockroaches
  3 goblins
  5 hobgoblins
  4 jackals (D:2)
  2 quokkas (D:2)
  A ball python (D:1)
  4 bats
  2 frilled lizards (D:1)
  5 kobolds
  5 rats
49 creatures vanquished.

Notes
Turn   | Place    | Note
-------+----------+-------------------------------------------
     0 | D:1      | Mrkan the Hill Orc Fighter began the quest for the Orb.
     0 | D:1      | Reached XP level 1. HP: 19/19 MP: 1/1
   179 | D:1      | Reached skill level 3 in Axes
   212 | D:1      | Reached XP level 2. HP: 21/27 MP: 2/2
   946 | D:2      | Reached XP level 3. HP: 31/33 MP: 3/3
  1017 | D:2      | Reached skill level 4 in Axes
  1036 | D:2      | Reached XP level 4. HP: 23/40 MP: 4/4
  1363 | D:2      | Found an ancient bone altar of Kikubaaqudgha.
  1366 | D:2      | Found a radiant altar of Vehumet.
  1372 | D:2      | Found a hazy altar of Hepliaklqana.
  1831 | D:3      | Reached skill level 5 in Axes
  1889 | D:3      | Reached XP level 5. HP: 37/47 MP: 5/5
  1925 | D:3      | Noticed a phantom
  1931 | D:3      | Noticed Grinder
  1932 | D:3      | Paralysed by Grinder for 5 turns
  1941 | D:3      | Noticed an ogre
  1943 | D:3      | Paralysed by Grinder for 7 turns
  1953 | D:3      | HP: 2/47 [poisoned by a worker ant]
  1954 | D:3      | Demolished by an ogre

Levels and vault maps discovered:
D:1:      minmay_arrival_solitary_statue, layout_basic, minmay_pentomino_r2
D:2:      layout_loops_ring, minmay_overflow_temple_star_quad, first_ration,
          kennysheep_cluttered_room
D:3:      layout_rooms, eat_drink_and_be_merry_uskayaw, gup_sewer_entry_spiral,
          uniq_grinder

Skill      XL: |  1  2  3  4 |
---------------+-------------+-----
Axes           | 3 4 5 |  5.3
Fighting       | 4 |  4.7
Shields        | 4 |  4.2
Armour         | |  3.2

Action                   |  1- 3 |  4- 6 || total
-------------------------+-------+-------++-------
Melee: War axe           |    85 |    82 ||   167
  Use: Potion            |       |     1 ||     1
  Eat: Chunk             |       |     4 ||     4
Armor: Scale mail        |    40 |    31 ||    71
Dodge: Dodged            |    28 |    29 ||    57
Block: Shield            |    46 |    40 ||    86

Table legend:
 A = Non-vault XP
 B = Vault XP
 C = Vault XP percentage of total XP
 D = Non-vault monster count
 E = Vault monster count
 F = Vault count percentage of total count
                 A         B        C        D         E       F
            +---------+---------+-------+---------+---------+-------
      Total |     207 |       2 |   1.0 |      48 |       1 |   2.0
            +---------+---------+-------+---------+---------+-------
        D:1 |      29 |       2 |   6.5 |      16 |       1 |   5.9
        D:2 |      87 |       0 |   0.0 |      20 |       0 |   0.0
        D:3 |      91 |       0 |   0.0 |      12 |       0 |   0.0
            +---------+---------+-------+---------+---------+-------
